 Dungeon Crawl Stone Soup version 0.30.0-29-ga12c61a403 (webtiles) character file.

Game seed: 6494669583860232531

4359 qw the Cleaver (level 10, -5/64 HPs)
             Began as a Gargoyle Fighter on June 5, 2023.
             Slain by a manticore (8 damage)
             ... on level 9 of the Dungeon.
             The game lasted 00:03:19 (7141 turns).

qw the Cleaver (Gargoyle Fighter)                   Turns: 7141, Time: 00:03:19

Health: -5/64      AC: 32    Str: 23    XL:     10   Next: 34%
Magic:  10/10      EV: 12    Int:  8    God:
Gold:   337        SH:  4    Dex: 10    Spells: 9/9 levels left

rFire   . . .        Y - +3 war axe (heavy)
rCold   . . .        c - +0 buckler
rNeg    + + .        t - +0 plate armour
rPois   inf          n - +2 helmet
rElec   +            s - +2 ratskin cloak {*Rats rPois rN+ Str-1 Int-1 Dex+1}
rCorr   .            g - +2 pair of gloves
SInv    +            A - +0 pair of boots
Will    .....        x - amulet of faith Stlth
                     k - ring of see invisible
HPRegen 0.30/turn    l - +5 ring of evasion
MPRegen 0.12/turn

%: faith
@: about to teleport, spiked
A: sickness immunity, AC +7, negative energy resistance 1, electricity
resistance, torment resistance 1, petrification resistance
a: no special abilities


You were on level 9 of the Dungeon.
You visited 2 branches of the dungeon, and saw 10 of its levels.

You collected 462 gold pieces.
You spent 125 gold pieces at shops.


Innate Abilities, Weirdness & Mutations

You are immune to sickness and miasma.
Your stone body is resilient. (AC +7)
You are immune to poison.
You resist negative energy. (rN+)
You are resistant to electric shocks. (rElec)
You are resistant to unholy torment.
You are immune to petrification.


   Skills:
 - Level 8.0 Fighting
 - Level 10.0 Axes
 - Level 2.6 Throwing
 + Level 7.8 Armour
 - Level 1.3 Dodging
 - Level 4.0 Shields


You had 9 spell levels left.
You didn't know any spells.
Your spell library was empty.

Inventory:

Hand Weapons
 B - a +0 morningstar
 Y - a +3 heavy war axe (weapon)
Missiles
 f - 6 boomerangs
 p - 2 javelins (quivered)
Armour
 c - a +0 buckler (worn)
 g - a +2 pair of gloves (worn)
 n - a +2 helmet (worn)
 s - the +2 ratskin cloak (worn) {*Rats rPois rN+ Str-1 Int-1 Dex+1}
   (You found it on level 5 of the Dungeon)

   *Rats:     When the wearer is hurt, rats may emerge from it to assist them.
   Str:       It affects your strength (-1).
   Int:       It affects your intelligence (-1).
   Dex:       It affects your dexterity (+1).
   rPois:     It protects you from poison.
   rN:        It protects you from negative energy.
 t - a +0 plate armour (worn)
 A - a +0 pair of boots (worn)
Jewellery
 k - a ring of see invisible (left hand)
 l - a +5 ring of evasion (right hand)
 u - an amulet of reflection
 x - an amulet of faith (around neck)
 y - a ring of positive energy
Wands
 r - a wand of digging (13)
Scrolls
 i - a scroll of identify
Potions
 b - a potion of degeneration {unknown}
 d - 4 potions of might
 e - 2 potions of curing
 h - a potion of lignification
 j - a potion of resistance
 o - a potion of cancellation
 v - a potion of haste {unknown}

Dungeon Overview and Level Annotations

Branches:
Dungeon (9/15)             Temple (1/1) D:7            Lair (0/5) D:8
    Orc: D:9-12

Altars:
Cheibriados
Dithmenos
Elyvilon
Fedhas
Gozag
Hepliaklqana
Kikubaaqudgha
Makhleb
Nemelex Xobeh
Qazlal
Ru
Sif Muna
Trog
Uskayaw
Vehumet
Wu Jian
Xom
Yredelemnul
Zin
The Shining One

Shops:
D:3 ?   D:7 *


Message History

You start resting.
An orc is nearby!
7133 ||| FLEEEEING.
The orc priest shouts!
The orc shouts!
You hear a shout!
The orc priest calls upon Beogh to heal something.
7134 ||| Stepping ~*~*~tactically~*~*~ (hiding).
The orc warrior shouts!
You hear a shout!
7135 ||| Stepping ~*~*~tactically~*~*~ (hiding).
Found a book of Dreams.
You slice the orc!!
You kill the orc!
A manticore comes into view.
You completely miss the orc warrior.
The orc warrior is moderately wounded.
You block the orc warrior's attack. The orc warrior closely misses you.
You slice the orc warrior!!
You kill the orc warrior!
You barely miss the orc warrior. You closely miss the orc warrior.
You slash the orc!
You kill the orc!
The orc warrior hits you but does no damage.
The manticore flicks its tail.
The volley of spikes hits you!!
The barbed spikes become lodged in your body.
The orc warrior hits you but does no damage.
7140 ||| READING scroll of teleportation.
As you read the scroll of teleportation, it crumbles to dust.
You feel strangely unstable. The orc hits you but does no damage.
The orc warrior hits you but does no damage.
The orc priest begins to cast a cantrip, but forgets the words!
You slice the manticore!!
The manticore is heavily wounded.
You barely miss the orc. You slash the orc warrior!
You closely miss the orc priest.
The orc priest looks braver for a moment.
The orc warrior barely misses you. The orc closely misses you.
The manticore bites you but does no damage.
The manticore claws you!
You die...

.....## #. ... .#
#.....## #.. ..#.
#.#....###... ....
#.....rc#)o.. ...
.....#.oo.ooo. ....
..##.##....o.o)#o.
#...o###.#o..#.###....#
#..#.#:ooHo..... #.#..#
#....###@# ..# #...#.
#.......o##.##.. .......
......#)......o.#........
..........#.#.....#......
........#.# # ...####...#
.. ###.....# . #.#..#
....#


You could see a manticore, an orc warrior, 2 orc priests, an orc wizard and an
orc.

Vanquished Creatures
  A komodo dragon (D:8)
  5 yaks (D:8)
  Menkaure (D:5)
  2 steam dragons (D:5)
  An acid dragon (D:8)
  A water moccasin (D:6)
  A black bear (D:6)
  4 orc warriors
  2 ice beasts
  2 sky beasts
  2 centaurs
  A kobold brigand (D:6)
  2 phantoms
  A bullfrog (D:8)
  2 scorpions
  5 wights (D:8)
  3 howler monkeys (D:8)
  3 hounds
  4 orc priests
  A gnoll bouda (D:6)
  3 sleepcaps
  5 iguanas
  10 orc wizards
  Robin (D:2)
  3 adders
  6 gnolls
  A shadow imp (D:5)
  A white imp (D:7)
  2 ufetubi
  A worm (D:2)
  3 dart slugs
  27 orcs
  9 ball pythons
  5 bats
  11 endoplasms
  3 giant cockroaches
  13 goblins
  12 hobgoblins
  4 jackals (D:1)
  10 kobolds
  3 quokkas
  3 frilled lizards
  5 rats
185 creatures vanquished.

Vanquished Creatures (others)
  An orc warrior (D:9)
  2 orcs (D:9)
3 creatures vanquished.

Grand Total: 188 creatures vanquished

Notes
Turn   | Place    | Note
-------+----------+-------------------------------------------
     0 | D:1      | qw the Gargoyle Fighter began the quest for the Orb.
     0 | D:1      | Reached XP level 1. HP: 14/14 MP: 1/1
     0 | D:1      | 0 ||| qw: Version: 0.2-a-108-gee2c290
     0 | D:1      | 0 ||| qw: Game counter: 1448
     0 | D:1      | 0 ||| qw: Always use a shield: true
     0 | D:1      | 0 ||| qw: God list: Okawaru
     0 | D:1      | 0 ||| qw: Allow faded altars: false
     0 | D:1      | 0 ||| qw: Do Orc after D:15 true
     0 | D:1      | 0 ||| qw: Do second Lair branch before Depths: true
     0 | D:1      | 0 ||| qw: Lair rune preference: random
     0 | D:1      | 0 ||| qw: Plans: Normal, Zot:1-4, Slime:5, God:TSO, Crypt,
                  | Tomb, Abyss, Pan, Hells, Win
     0 | D:1      | 0 ||| PLANNING D:1-11
    59 | D:1      | 59 ||| Stepping ~*~*~tactically~*~*~ (stealth).
    60 | D:1      | 60 ||| Stepping ~*~*~tactically~*~*~ (stealth).
    67 | D:1      | Reached skill level 2 in Axes
    73 | D:1      | 73 ||| Stepping ~*~*~tactically~*~*~ (stealth).
   168 | D:1      | Reached XP level 2. HP: 13/19 MP: 2/2
   391 | D:1      | Reached skill level 3 in Axes
   430 | D:1      | 430 ||| Stepping ~*~*~tactically~*~*~ (stealth).
   431 | D:1      | 431 ||| Stepping ~*~*~tactically~*~*~ (hiding).
   437 | D:1      | Reached XP level 3. HP: 23/23 MP: 3/3
   879 | D:1      | 879 ||| UPGRADING to +0 helmet.
   884 | D:1      | 884 ||| UPGRADING to ring of positive energy.
   885 | D:1      | 885 ||| READING 2 scrolls labelled JOD MENEINAL.
   886 | D:1      | 886 ||| READING scroll of enchant weapon.
   886 | D:1      | 886 ||| ENCHANTING +1 war axe.
   887 | D:1      | 887 ||| READING scroll labelled JEQUAG XUGUTH.
   888 | D:1      | 888 ||| READING scroll labelled PASACLY XYTHIQO.
   889 | D:1      | 889 ||| READING scroll labelled NEOFAE ZUAK ENOX.
   890 | D:1      | 890 ||| READING scroll labelled OROSOANASAATH.
   891 | D:1      | 891 ||| READING scroll labelled FEXABL WURO.
   949 | D:2      | 949 ||| DROPPING +0 club.
  1063 | D:2      | 1063 ||| DROPPING +1 whip of distortion.
  1077 | D:2      | Noticed Robin
  1084 | D:2      | Killed Robin
  1085 | D:2      | Reached XP level 4. HP: 11/28 MP: 4/4
  1085 | D:2      | 1085 ||| FLEEEEING.
  1086 | D:2      | 1086 ||| FLEEEEING.
  1087 | D:2      | 1087 ||| FLEEEEING.
  1088 | D:2      | 1088 ||| FLEEEEING.
  1089 | D:2      | 1089 ||| FLEEEEING.
  1090 | D:2      | 1090 ||| FLEEEEING.
  1091 | D:2      | 1091 ||| FLEEEEING.
  1092 | D:2      | 1092 ||| FLEEEEING.
  1093 | D:2      | 1093 ||| FLEEEEING.
  1094 | D:2      | 1094 ||| FLEEEEING.
  1095 | D:2      | 1095 ||| FLEEEEING.
  1096 | D:2      | 1096 ||| FLEEEEING.
  1097 | D:2      | 1097 ||| FLEEEEING.
  1098 | D:2      | 1098 ||| FLEEEEING.
  1099 | D:2      | 1099 ||| FLEEEEING.
  1100 | D:2      | 1100 ||| FLEEEEING.
  1101 | D:2      | 1101 ||| FLEEEEING.
  1102 | D:2      | 1102 ||| FLEEEEING.
  1103 | D:2      | 1103 ||| FLEEEEING.
  1104 | D:2      | 1104 ||| FLEEEEING.
  1105 | D:2      | 1105 ||| FLEEEEING.
  1106 | D:2      | 1106 ||| FLEEEEING.
  1107 | D:2      | 1107 ||| FLEEEEING.
  1108 | D:2      | 1108 ||| FLEEEEING.
  1109 | D:2      | 1109 ||| FLEEEEING.
  1110 | D:2      | 1110 ||| FLEEEEING.
  1111 | D:2      | 1111 ||| FLEEEEING.
  1112 | D:2      | 1112 ||| FLEEEEING.
  1113 | D:2      | 1113 ||| FLEEEEING.
  1114 | D:2      | 1114 ||| FLEEEEING.
  1115 | D:2      | 1115 ||| FLEEEEING.
  1116 | D:2      | 1116 ||| FLEEEEING.
  1117 | D:2      | 1117 ||| FLEEEEING.
  1118 | D:2      | 1118 ||| FLEEEEING.
  1119 | D:2      | 1119 ||| FLEEEEING.
  1120 | D:2      | 1120 ||| FLEEEEING.
  1121 | D:2      | 1121 ||| FLEEEEING.
  1122 | D:2      | 1122 ||| FLEEEEING.
  1123 | D:2      | 1123 ||| FLEEEEING.
  1124 | D:2      | 1124 ||| FLEEEEING.
  1125 | D:2      | 1125 ||| FLEEEEING.
  1126 | D:2      | 1126 ||| FLEEEEING.
  1127 | D:2      | 1127 ||| FLEEEEING.
  1128 | D:2      | 1128 ||| FLEEEEING.
  1129 | D:2      | 1129 ||| FLEEEEING.
  1130 | D:2      | 1130 ||| FLEEEEING.
  1131 | D:2      | 1131 ||| FLEEEEING.
  1132 | D:2      | 1132 ||| FLEEEEING.
  1133 | D:2      | 1133 ||| FLEEEEING.
  1134 | D:2      | 1134 ||| FLEEEEING.
  1135 | D:2      | 1135 ||| FLEEEEING.
  1136 | D:2      | 1136 ||| FLEEEEING.
  1137 | D:2      | 1137 ||| FLEEEEING.
  1138 | D:2      | 1138 ||| FLEEEEING.
  1139 | D:2      | 1139 ||| FLEEEEING.
  1140 | D:2      | 1140 ||| FLEEEEING.
  1141 | D:2      | 1141 ||| FLEEEEING.
  1142 | D:2      | 1142 ||| FLEEEEING.
  1143 | D:2      | 1143 ||| FLEEEEING.
  1144 | D:2      | 1144 ||| FLEEEEING.
  1145 | D:2      | 1145 ||| FLEEEEING.
  1146 | D:2      | 1146 ||| FLEEEEING.
  1215 | D:2      | Reached skill level 4 in Axes
  1729 | D:2      | 1729 ||| Stepping ~*~*~tactically~*~*~ (stealth).
  1775 | D:2      | 1775 ||| DRINKING 2 sedimented pink potions.
  1914 | D:3      | 1914 ||| READING scroll of enchant armour.
  1914 | D:3      | 1914 ||| ENCHANTING +0 helmet.
  1956 | D:3      | Reached XP level 5. HP: 20/32 MP: 5/5
  1989 | D:3      | 1989 ||| Stepping ~*~*~tactically~*~*~ (stealth).
  1990 | D:3      | 1990 ||| Stepping ~*~*~tactically~*~*~ (stealth).
  1991 | D:3      | 1991 ||| Stepping ~*~*~tactically~*~*~ (stealth).
  1992 | D:3      | 1992 ||| Stepping ~*~*~tactically~*~*~ (stealth).
  2078 | D:3      | Found Piqa's Magic Scroll Boutique.
  2080 | D:3      | 2080 ||| Stepping ~*~*~tactically~*~*~ (stealth).
  2133 | D:3      | 2133 ||| BUYING scroll of enchant armour (75 gold).
  2133 | D:3      | Bought a scroll of enchant armour for 75 gold pieces
  2133 | D:3      | 2133 ||| SHOPLISTING scroll of enchant weapon (75 gold,
                  | have 65).
  2133 | D:3      | 2133 ||| BUYING scroll of identify (20 gold).
  2133 | D:3      | Bought a scroll of identify for 20 gold pieces
  2133 | D:3      | 2133 ||| BUYING scroll of teleportation (30 gold).
  2133 | D:3      | Bought a scroll of teleportation for 30 gold pieces
  2133 | D:3      | 2133 ||| SHOPLISTING scroll of teleportation (30 gold, have
                  | 15).
  2133 | D:3      | 2133 ||| READING scroll of enchant armour.
  2133 | D:3      | 2133 ||| ENCHANTING +1 helmet.
  2381 | D:3      | 2381 ||| Stepping ~*~*~tactically~*~*~ (stealth).
  2733 | D:3      | 2733 ||| UPGRADING to ring of positive energy.
  2734 | D:3      | 2734 ||| UPGRADING to +5 ring of evasion.
  2736 | D:3      | 2736 ||| DROPPING ring of positive energy.
  2737 | D:3      | 2737 ||| READING scroll labelled TIONYC OBINK.
  2738 | D:3      | 2738 ||| READING scroll labelled UGUISO YNAEFEAKU.
  2739 | D:3      | 2739 ||| DRINKING 2 sapphire potions.
  2740 | D:3      | 2740 ||| READING 2 scrolls of identify.
  2740 | D:3      | 2740 ||| IDENTIFYING coppery potion
  2741 | D:3      | 2741 ||| DROPPING potion of invisibility.
  2776 | D:4      | Reached XP level 6. HP: 37/37 MP: 6/6
  2797 | D:4      | Reached skill level 5 in Axes
  2916 | D:4      | 2916 ||| Stepping ~*~*~tactically~*~*~ (stealth).
  2917 | D:4      | 2917 ||| Stepping ~*~*~tactically~*~*~ (stealth).
  3552 | D:4      | 3552 ||| READING scroll labelled COBRU PYSHROESCH.
  3553 | D:4      | 3553 ||| DRINKING 2 brown potions.
  3554 | D:4      | 3554 ||| READING 2 scrolls of identify.
  3554 | D:4      | 3554 ||| IDENTIFYING fizzy dark potion
  3555 | D:4      | 3555 ||| DROPPING potion of brilliance.
  3645 | D:5      | Entered Level 5 of the Dungeon
  3653 | D:5      | Reached skill level 1 in Dodging
  3766 | D:5      | Found the +2 ratskin cloak {*Rats rPois rN+ Str-1 Int-1
                  | Dex+1}
  3781 | D:5      | Reached XP level 7. HP: 41/43 MP: 7/7
  3841 | D:5      | Reached skill level 6 in Axes
  4164 | D:5      | Noticed a steam dragon
  4169 | D:5      | Noticed Menkaure
  4174 | D:5      | Killed a steam dragon
  4175 | D:5      | Reached skill level 7 in Axes
  4175 | D:5      | Reached XP level 8. HP: 29/48 MP: 8/8
  4179 | D:5      | Killed Menkaure
  4325 | D:5      | 4325 ||| Stepping ~*~*~tactically~*~*~ (hiding).
  4567 | D:5      | 4567 ||| UPGRADING to +2 pair of gloves.
  4572 | D:5      | 4572 ||| UPGRADING to +2 ratskin cloak {*Rats rPois rN+
                  | Str-1 Int-1 Dex+1}.
  4577 | D:5      | 4577 ||| UPGRADING to amulet of reflection.
  4582 | D:5      | 4582 ||| READING 3 scrolls labelled JOTAIN RIOCZOAGG.
  4583 | D:5      | 4583 ||| READING 3 scrolls of identify.
  4583 | D:5      | 4583 ||| IDENTIFYING puce potion
  4584 | D:5      | 4584 ||| READING 2 scrolls of identify.
  4584 | D:5      | 4584 ||| IDENTIFYING fuming pink potion
  4585 | D:5      | 4585 ||| DROPPING potion of ambrosia.
  4586 | D:5      | 4586 ||| DROPPING 2 scrolls of amnesia.
  4633 | D:6      | Reached skill level 8 in Axes
  4725 | D:6      | 4725 ||| DROPPING +0 whip.
  4726 | D:6      | 4726 ||| DROPPING +1 whip of draining.
  4791 | D:6      | 4791 ||| Stepping ~*~*~tactically~*~*~ (stealth).
  4807 | D:6      | 4807 ||| Stepping ~*~*~tactically~*~*~ (hiding).
  4821 | D:6      | Reached skill level 6 in Fighting
  4843 | D:6      | 4843 ||| Stepping ~*~*~tactically~*~*~ (stealth).
  4848 | D:6      | 4848 ||| Stepping ~*~*~tactically~*~*~ (stealth).
  4912 | D:6      | 4912 ||| Stepping ~*~*~tactically~*~*~ (stealth).
  4986 | D:6      | Reached skill level 9 in Axes
  4986 | D:6      | Reached XP level 9. HP: 55/55 MP: 9/9
  5009 | D:6      | 5009 ||| Stepping ~*~*~tactically~*~*~ (hiding).
  5010 | D:6      | 5010 ||| Stepping ~*~*~tactically~*~*~ (hiding).
  5305 | D:6      | 5305 ||| UPGRADING to +0 plate armour.
  5315 | D:6      | 5315 ||| DROPPING +0 scale mail.
  5316 | D:6      | 5316 ||| READING scroll labelled ASYEHU ZIRIB.
  5345 | D:6      | 5345 ||| READING 3 scrolls of identify.
  5345 | D:6      | 5345 ||| IDENTIFYING blue potion
  5346 | D:6      | 5346 ||| READING 2 scrolls of identify.
  5346 | D:6      | 5346 ||| IDENTIFYING inky potion
  5347 | D:6      | 5347 ||| DROPPING potion of flight.
  5448 | D:7      | 5448 ||| Stepping ~*~*~tactically~*~*~ (stealth).
  5452 | D:7      | Found a staircase to the Ecumenical Temple.
  5453 | D:7      | 5453 ||| PLANNING TEMPLE
  5505 | Temple   | Entered the Ecumenical Temple
  5670 | Temple   | 5670 ||| PLANNING D:1-11
  5732 | D:7      | 5732 ||| Stepping ~*~*~tactically~*~*~ (hiding).
  5733 | D:7      | 5733 ||| Stepping ~*~*~tactically~*~*~ (hiding).
  5763 | D:7      | 5763 ||| Stepping ~*~*~tactically~*~*~ (stealth).
  5858 | D:7      | 5858 ||| READING scroll of enchant weapon.
  5858 | D:7      | 5858 ||| ENCHANTING +2 heavy war axe.
  5932 | D:7      | 5932 ||| Stepping ~*~*~tactically~*~*~ (hiding).
  5933 | D:7      | 5933 ||| Stepping ~*~*~tactically~*~*~ (hiding).
  5934 | D:7      | 5934 ||| Stepping ~*~*~tactically~*~*~ (hiding).
  5936 | D:7      | 5936 ||| Stepping ~*~*~tactically~*~*~ (hiding).
  6017 | D:7      | Found Moasy's Gadget Gallery.
  6024 | D:7      | 6024 ||| SHOPLISTING wand of digging (7) (382 gold, have
                  | 243).
  6258 | D:7      | 6258 ||| UPGRADING to ring of see invisible.
  6285 | D:8      | Reached skill level 6 in Armour
  6543 | D:8      | 6543 ||| Stepping ~*~*~tactically~*~*~ (stealth).
  6546 | D:8      | 6546 ||| Stepping ~*~*~tactically~*~*~ (stealth).
  6555 | D:8      | Reached skill level 10 in Axes
  6570 | D:8      | Noticed a komodo dragon
  6577 | D:8      | Killed a komodo dragon
  6578 | D:8      | Reached XP level 10. HP: 54/63 MP: 10/10
  6608 | D:8      | Found a staircase to the Lair.
  6882 | D:8      | 6882 ||| Stepping ~*~*~tactically~*~*~ (hiding).
  6883 | D:8      | 6883 ||| Stepping ~*~*~tactically~*~*~ (hiding).
  6921 | D:8      | 6921 ||| DROPPING +0 flail.
  6962 | D:8      | 6962 ||| Stepping ~*~*~tactically~*~*~ (stealth).
  6966 | D:8      | 6966 ||| Stepping ~*~*~tactically~*~*~ (stealth).
  6976 | D:8      | 6976 ||| Stepping ~*~*~tactically~*~*~ (stealth).
  7048 | D:8      | 7048 ||| UPGRADING to +0 pair of boots.
  7053 | D:8      | 7053 ||| UPGRADING to amulet of faith.
  7063 | D:8      | 7063 ||| READING scroll labelled KIZYHEAXAA.
  7064 | D:8      | 7064 ||| READING scroll labelled WEMU NIGRANAV.
  7076 | D:9      | 7076 ||| Stepping ~*~*~tactically~*~*~ (hiding).
  7077 | D:9      | 7077 ||| Stepping ~*~*~tactically~*~*~ (hiding).
  7087 | D:9      | HP: 13/64 [centaur/arrow (8)]
  7088 | D:9      | 7088 ||| READING 2 scrolls of teleportation.
  7089 | D:9      | 7089 ||| DRINKING potion of heal wounds.
  7097 | D:9      | 7097 ||| Stepping ~*~*~tactically~*~*~ (stealth).
  7117 | D:9      | 7117 ||| Stepping ~*~*~tactically~*~*~ (stealth).
  7121 | D:9      | 7121 ||| Stepping ~*~*~tactically~*~*~ (stealth).
  7133 | D:9      | 7133 ||| FLEEEEING.
  7134 | D:9      | 7134 ||| Stepping ~*~*~tactically~*~*~ (hiding).
  7135 | D:9      | 7135 ||| Stepping ~*~*~tactically~*~*~ (hiding).
  7136 | D:9      | Noticed a manticore
  7139 | D:9      | HP: 3/64 [manticore/volley of spikes (21)]
  7140 | D:9      | 7140 ||| READING scroll of teleportation.
  7141 | D:9      | Slain by a manticore

Levels and vault maps discovered:
D:1:      dpeg_arrival_tiny_c, layout_basic, minmay_box_of_dots
D:2:      layout_basic, minmay_shallow_snake_nest, uniq_robin
D:3:      layout_basic, serial_shops, shop_statue, item_on_display_a
D:4:      layout_basic
D:5:      layout_gridville, nrook_campfire, uniq_menkaure
D:6:      layout_loops_ring
D:7:      layout_basic, minmay_temple_entry_glass, grunt_decor_arrowhead,
          nicolae_shop_gadgets
D:8:      layout_loops_cross, david_lair_shrubbed
D:9:      layout_layer_cave, okawaru_gym_becter, david_orc_4, serial_shops,
          nicolae_shop_tiny_statue_garden, grunt_ministairs_15,
          minmay_fractal_squares_5
Temple:   nicolae_temple_slightly_damp_pantheon

Skill      XL: |  1  2  3  4  5  6  7  8  9 10 |
---------------+-------------------------------+-----
Axes           | 2 3 4 5 7 9 10 | 10.0
Throwing       | 2 |  2.6
Fighting       | 4 6 7 8 |  8.0
Dodging        | 1 |  1.3
Shields        | 4 |  4.0
Armour         | 7 |  7.8

Action                     |  1- 3 |  4- 6 |  7- 9 | 10-12 || total
---------------------------+-------+-------+-------+-------++-------
  Melee: War axe           |    94 |   123 |   142 |    50 ||   409
  Throw: Javelin           |     3 |    17 |    32 |     6 ||    58
         Boomerang         |       |       |     8 |       ||     8
    Use: Scroll            |     7 |     7 |     7 |     4 ||    25
         Potion            |       |     3 |       |     1 ||     4
 Armour: Scale mail        |    51 |    67 |    37 |       ||   155
         Plate armour      |       |       |    34 |    44 ||    78
  Dodge: Dodged            |    29 |    64 |    91 |    35 ||   219
  Block: Buckler           |    15 |    28 |    64 |    18 ||   125
         Reflection        |       |       |       |     2 ||     2

Table legend:
 A = Non-vault XP
 B = Vault XP
 C = Vault XP percentage of total XP
 D = Non-vault monster count
 E = Vault monster count
 F = Vault count percentage of total count
                 A         B        C        D         E       F
            +---------+---------+-------+---------+---------+-------
      Total |    5111 |    1117 |  17.9 |     159 |      27 |  14.5
            +---------+---------+-------+---------+---------+-------
        D:1 |      50 |      12 |  19.4 |      26 |       5 |  16.1
        D:2 |      35 |      40 |  53.3 |      19 |       9 |  32.1
        D:3 |     100 |       0 |   0.0 |      16 |       0 |   0.0
        D:4 |     258 |       0 |   0.0 |      12 |       0 |   0.0
        D:5 |     925 |     172 |  15.7 |      14 |       1 |   6.7
        D:6 |    1004 |       0 |   0.0 |      27 |       0 |   0.0
        D:7 |     460 |       0 |   0.0 |      11 |       0 |   0.0
        D:8 |    2273 |     383 |  14.4 |      32 |       1 |   3.0
        D:9 |       6 |     510 |  98.8 |       2 |      11 |  84.6
            +---------+---------+-------+---------+---------+-------
